APP
BRISTOL PIRATES @ KINGSPORT METS
08/12/2047
 
TOP OF THE 1ST
Bristol Pirates batting - Pitching for Kingsport Mets : LHP David Salcido
Pitching: LHP David Salcido
Batting: RHB Melvin Durland 0-0: Foul Ball, location: 2F
0-1: Ball
1-1: Ball
2-1: Called Strike
2-2: Ball
3-2: Base on Balls
Batting: LHB Norm Silveira-Wray 0-0: Ball
1-0: Called Strike
1-1: Swinging Strike
1-2: Foul Ball, location: 2F
1-2: Ball
2-2: Ball
3-2: 2-RUN HOME RUN (Flyball, 78XD, EV 102.5 MPH), Distance : 406 ft
Batting: LHB Chad Cutler 0-0: Ball
1-0: Ball
2-0: Foul Ball, location: 2F
2-1: Foul Ball, location: 2F
2-2: Strikes out swinging
Batting: RHB Jeff Edwards 0-0: Swinging Strike
0-1: Foul Ball, location: 2F
0-2: Strikes out swinging
Batting: RHB Alain Marquet 0-0: Foul Ball, location: 2F
0-1: Fly out, F8 (Flyball, 8RXD, EV 90.0 MPH)
Top of the 1st over - 2 runs, 1 hit, 0 errors, 0 left on base; Bristol 2 - Kingsport 0
BOTTOM OF THE 1ST
Kingsport Mets batting - Pitching for Bristol Pirates : LHP Latrell Tisdale
Pitching: LHP Latrell Tisdale
Batting: RHB Enrique Aguirre 0-0: Ball
1-0: Called Strike
1-1: Called Strike
1-2: Ball
2-2: Fly out, F8 (Flyball, 8RD, EV 91.2 MPH)
Batting: RHB Jake Geib 0-0: Fly out, F7 (Line Drive, 7, EV 88.8 MPH)
Batting: RHB Larry Shoop 0-0: Called Strike
0-1: Called Strike
0-2: Ball
1-2: Ball
2-2: Ball
3-2: Strikes out swinging
Bottom of the 1st over - 0 runs, 0 hits, 0 errors, 0 left on base; Bristol 2 - Kingsport 0
TOP OF THE 2ND
Bristol Pirates batting - Pitching for Kingsport Mets : LHP David Salcido
Batting: RHB Hector Barajas 0-0: Ball
1-0: Ball
2-0: Called Strike
2-1: SOLO HOME RUN (Flyball, 7LD, EV 93.8 MPH), Distance : 347 ft
Batting: RHB Rusty Trader 0-0: Foul Ball, location: 2F
0-1: Foul Ball, location: 2F
0-2: Ball
1-2: Fly out, F8 (Flyball, 8RS, EV 83.1 MPH)
Batting: RHB Ricky Alvarado 0-0: Ball
1-0: Foul Ball, location: 2F
1-1: Ball
2-1: Called Strike
2-2: Ball
3-2: Foul Ball, location: 2F
3-2: Base on Balls
Batting: RHB Hidesuke Yoshida 0-0: Called Strike
0-1: Called Strike
0-2: Ball
1-2: Strikes out swinging
Batting: RHB Melvin Durland 0-0: Called Strike
Ricky Alvarado is caught stealing 2nd base 2-4
Top of the 2nd over - 1 run, 1 hit, 0 errors, 0 left on base; Bristol 3 - Kingsport 0
BOTTOM OF THE 2ND
Kingsport Mets batting - Pitching for Bristol Pirates : LHP Latrell Tisdale
Batting: RHB Mike Hanks 0-0: SINGLE (Groundball, 6D, EV 94.4 MPH)
Batting: RHB Nate Henderson 0-0: 2-RUN HOME RUN (Line Drive, 89XD, EV 102.5 MPH), Distance : 424 ft
Batting: SHB Nick Daigle 0-0: Called Strike
0-1: Called Strike
0-2: SINGLE (Flyball, 8LS, EV 88.8 MPH)
Batting: RHB Artyom Shavkunov 0-0: Called Strike
Nick Daigle steals 2nd, throwing error, E2
Nick Daigle to third
0-1: Ball
1-1: Ball
2-1: Called Strike
2-2: Fly out, F6 (Line Drive, 6, EV 68.1 MPH)
Batting: RHB Sam Callahan 0-0: Ball
1-0: Ball
Wild Pitch!
Nick Daigle scores
2-0: Ball
3-0: Called Strike
3-1: Called Strike
3-2: Strikes out swinging
Batting: RHB Michael Youngberry 0-0: Called Strike
0-1: Swinging Strike
0-2: DOUBLE (Groundball, 5L, EV 110.0 MPH)
Batting: RHB Enrique Aguirre 0-0: Ball
1-0: Fly out, F5 (Popup, 5SF, EV 83.8 MPH)
Bottom of the 2nd over - 3 runs, 4 hits, 1 error, 1 left on base; Bristol 3 - Kingsport 3
TOP OF THE 3RD
Bristol Pirates batting - Pitching for Kingsport Mets : LHP David Salcido
Batting: RHB Melvin Durland 0-0: Swinging Strike
0-1: Ball
1-1: Foul Ball, location: 2F
1-2: Strikes out swinging
Batting: LHB Norm Silveira-Wray 0-0: Ball
1-0: Ball
2-0: Called Strike
2-1: Ball
3-1: SOLO HOME RUN (Flyball, 9D, EV 95.6 MPH), Distance : 363 ft
Batting: LHB Chad Cutler 0-0: Swinging Strike
0-1: Fly out, F9 (Flyball, 89M, EV 84.4 MPH)
Batting: RHB Jeff Edwards 0-0: Called Strike
0-1: Foul Ball, location: 2F
0-2: SOLO HOME RUN (Flyball, 78XD, EV 105.6 MPH), Distance : 417 ft
Pitching: RHP Gabe Kelso
Batting: RHB Alain Marquet 0-0: Fly out, F8 (Line Drive, 8RD, EV 92.5 MPH)
Top of the 3rd over - 2 runs, 2 hits, 0 errors, 0 left on base; Bristol 5 - Kingsport 3
BOTTOM OF THE 3RD
Kingsport Mets batting - Pitching for Bristol Pirates : LHP Latrell Tisdale
Batting: RHB Jake Geib 0-0: Ball
1-0: Fly out, F8 (Flyball, 78XD, EV 88.8 MPH)
Batting: RHB Larry Shoop 0-0: Swinging Strike
0-1: Called Strike
0-2: Foul Ball, location: 2F
0-2: Ball
1-2: Ball
2-2: Fly out, F7 (Flyball, 7D, EV 100.6 MPH)
Batting: RHB Mike Hanks 0-0: Ball
1-0: Called Strike
1-1: Ball
2-1: Fly out, F8 (Flyball, 89M, EV 78.8 MPH)
Bottom of the 3rd over - 0 runs, 0 hits, 0 errors, 0 left on base; Bristol 5 - Kingsport 3
TOP OF THE 4TH
Bristol Pirates batting - Pitching for Kingsport Mets : RHP Gabe Kelso
Batting: RHB Hector Barajas 0-0: Fly out, F8 (Flyball, 8LD, EV 98.1 MPH)
Batting: RHB Rusty Trader 0-0: Called Strike
0-1: Foul Ball, location: 2F
0-2: Ball
1-2: Ball
2-2: Strikes out swinging
Batting: RHB Ricky Alvarado 0-0: Fly out, F8 (Flyball, 8RM, EV 83.1 MPH)
Top of the 4th over - 0 runs, 0 hits, 0 errors, 0 left on base; Bristol 5 - Kingsport 3
BOTTOM OF THE 4TH
Kingsport Mets batting - Pitching for Bristol Pirates : LHP Latrell Tisdale
Batting: RHB Nate Henderson 0-0: Called Strike
0-1: Ball
1-1: Ball
2-1: Foul Ball, location: 2F
2-2: Foul Ball, location: 2F
2-2: Ball
3-2: Base on Balls
Batting: SHB Nick Daigle 0-0: Ball
1-0: Ball
Wild Pitch!
Nate Henderson to second
2-0: Ball
3-0: Called Strike
3-1: Ground out 6-3 (Groundball, 6, EV 92.5 MPH)
Batting: RHB Artyom Shavkunov 0-0: Ball
1-0: Ball
2-0: Ball
3-0: Fly out, F3 (Popup, 34, EV 54.4 MPH)
Batting: RHB Sam Callahan 0-0: Ball
1-0: Swinging Strike
1-1: Called Strike
1-2: Ground out 6-3 (Groundball, 6M, EV 81.9 MPH)
Bottom of the 4th over - 0 runs, 0 hits, 0 errors, 1 left on base; Bristol 5 - Kingsport 3
TOP OF THE 5TH
Bristol Pirates batting - Pitching for Kingsport Mets : RHP Gabe Kelso
Batting: RHB Hidesuke Yoshida 0-0: Ball
1-0: Ball
2-0: Called Strike
2-1: Fly out, F9 (Line Drive, 9, EV 86.2 MPH)
Batting: RHB Melvin Durland 0-0: Called Strike
0-1: SINGLE (Line Drive, 34D, EV 99.4 MPH)
Batting: LHB Norm Silveira-Wray 0-0: Ball
Melvin Durland steals 2nd base
1-0: Ground out 4-3 (Groundball, 4, EV 86.2 MPH)
Melvin Durland to third
Batting: LHB Chad Cutler 0-0: Called Strike
0-1: Ball
1-1: Swinging Strike
1-2: Foul Ball, location: 2F
1-2: Ball
2-2: Foul Ball, location: 2F
2-2: SINGLE (Groundball, 4M, EV 95.0 MPH)
Melvin Durland scores
Batting: RHB Jeff Edwards 0-0: Fielders Choice at 2nd, 6-4 (Groundball, 56, EV 86.2 MPH)
Top of the 5th over - 1 run, 2 hits, 0 errors, 1 left on base; Bristol 6 - Kingsport 3
BOTTOM OF THE 5TH
Kingsport Mets batting - Pitching for Bristol Pirates : LHP Latrell Tisdale
Batting: RHB Michael Youngberry 0-0: Ball
1-0: Ball
2-0: SINGLE (Groundball, 4M, EV 103.1 MPH)
Batting: RHB Enrique Aguirre 0-0: Fly out, F9 (Line Drive, 9D, EV 90.0 MPH)
Batting: RHB Jake Geib 0-0: Called Strike
Michael Youngberry steals 2nd base
0-1: Ball
Michael Youngberry steals 3rd base
1-1: Ball
2-1: Ball
3-1: Called Strike
3-2: Strikes out swinging
Batting: RHB Larry Shoop 0-0: Fly out, F9 (Flyball, 89M, EV 83.1 MPH)
Bottom of the 5th over - 0 runs, 1 hit, 0 errors, 1 left on base; Bristol 6 - Kingsport 3
TOP OF THE 6TH
Bristol Pirates batting - Pitching for Kingsport Mets : RHP Gabe Kelso
Batting: RHB Alain Marquet 0-0: Foul Ball, location: 2F
0-1: Ball
1-1: Ball
2-1: Foul Ball, location: 2F
2-2: Ball
3-2: Ground out 6-3 (Groundball, 6MD, EV 105.6 MPH)
Batting: RHB Hector Barajas 0-0: Ball
1-0: Ball
2-0: Fly out, F4 (Popup, 4, EV 76.2 MPH)
Batting: RHB Rusty Trader 0-0: Ball
1-0: Ball
2-0: TRIPLE (Flyball, 89XD, EV 90.6 MPH)
Batting: RHB Ricky Alvarado 0-0: Called Strike
0-1: Swinging Strike
0-2: Strikes out swinging
Top of the 6th over - 0 runs, 1 hit, 0 errors, 1 left on base; Bristol 6 - Kingsport 3
BOTTOM OF THE 6TH
Kingsport Mets batting - Pitching for Bristol Pirates : LHP Latrell Tisdale
Batting: RHB Mike Hanks 0-0: Ball
1-0: Called Strike
1-1: Foul Ball, location: 2F
1-2: Strikes out looking
Batting: RHB Nate Henderson 0-0: Swinging Strike
0-1: Ball
1-1: Foul Ball, location: 2F
1-2: Strikes out swinging
Batting: SHB Nick Daigle 0-0: Ball
1-0: SINGLE (Groundball, 6D, EV 100.0 MPH)
Batting: RHB Artyom Shavkunov 0-0: Swinging Strike
0-1: Ball
1-1: Called Strike
1-2: Ball
2-2: SINGLE (Line Drive, 34D, EV 88.1 MPH)
Nick Daigle to second
Runner from 2nd tries for 3rd, SAFE, no throw by RF
Batting: RHB Sam Callahan 0-0: Ball
1-0: Called Strike
1-1: Ball
2-1: Foul Ball, location: 2F
2-2: Ball
3-2: SINGLE (Groundball, 34D, EV 110.6 MPH)
Nick Daigle scores
Artyom Shavkunov to second
Artyom Shavkunov to third
Pitching: RHP Ian Ferrara
Pinch Hitting: LHB Jeremy Moorehead 0-0: Ball
1-0: Ball
2-0: Ball
3-0: Called Strike
3-1: SINGLE (Groundball, 4D, EV 106.9 MPH)
Artyom Shavkunov scores
Sam Callahan to second
Batting: RHB Enrique Aguirre 0-0: Called Strike
0-1: Foul Ball, location: 2F
0-2: Strikes out swinging
Bottom of the 6th over - 2 runs, 4 hits, 0 errors, 2 left on base; Bristol 6 - Kingsport 5
TOP OF THE 7TH
Bristol Pirates batting - Pitching for Kingsport Mets : RHP Gabe Kelso
Now in LF: Jeremy Moorehead
Now in CF: Larry Shoop
Batting: RHB Hidesuke Yoshida 0-0: Ground out 1-3 (Groundball, P, EV 65.0 MPH)
Batting: RHB Melvin Durland 0-0: Ball
1-0: Ball
2-0: Called Strike
2-1: Called Strike
2-2: Ball
3-2: Foul Ball, location: 2F
3-2: Strikes out swinging
Batting: LHB Norm Silveira-Wray 0-0: Foul Ball, location: 2F
0-1: Foul Ball, location: 2F
0-2: Fly out, F9 (Flyball, 9LD, EV 78.8 MPH)
Top of the 7th over - 0 runs, 0 hits, 0 errors, 0 left on base; Bristol 6 - Kingsport 5
BOTTOM OF THE 7TH
Kingsport Mets batting - Pitching for Bristol Pirates : RHP Ian Ferrara
Batting: RHB Jake Geib 0-0: Ball
1-0: Called Strike
1-1: Ball
2-1: Ball
3-1: Foul Ball, location: 2F
3-2: Strikes out swinging
Batting: RHB Larry Shoop 0-0: Ball
1-0: Swinging Strike
1-1: Ball
2-1: Foul Ball, location: 2F
2-2: SINGLE (Groundball, 4S, EV 74.4 MPH) (infield hit)
Batting: RHB Mike Hanks 0-0: Called Strike
0-1: Ball
Larry Shoop steals 2nd base (no throw)
1-1: Ground out U3 (Groundball, 3, EV 102.5 MPH)
Larry Shoop to third
Batting: RHB Nate Henderson 0-0: Ball
1-0: Foul Ball, location: 2F
1-1: Swinging Strike
1-2: Foul Ball, location: 2F
1-2: Strikes out swinging
Bottom of the 7th over - 0 runs, 1 hit, 0 errors, 1 left on base; Bristol 6 - Kingsport 5
TOP OF THE 8TH
Bristol Pirates batting - Pitching for Kingsport Mets : RHP Gabe Kelso
Pitching: LHP Jesus Espitia
Batting: LHB Chad Cutler 0-0: Ball
1-0: Ball
2-0: DOUBLE (Flyball, 89D, EV 101.9 MPH)
Pitching: LHP Joe Edwards
Batting: RHB Jeff Edwards 0-0: Ball
Wild Pitch!
Chad Cutler to third
1-0: Called Strike
1-1: Ball
Passed Ball!
Chad Cutler scores
2-1: Ball
3-1: Foul Ball, location: 2F
3-2: Foul Ball, location: 2F
3-2: DOUBLE (Flyball, 8RXD, EV 106.2 MPH)
Batting: RHB Alain Marquet 0-0: Intentional Walk
Batting: RHB Hector Barajas 0-0: Called Strike
0-1: Ball
1-1: Ball
2-1: Swinging Strike
2-2: Foul Ball, location: 2F
2-2: Foul Ball, location: 2F
2-2: Ball
3-2: Foul Ball, location: 2F
3-2: SINGLE (Flyball, 8LXD, EV 93.8 MPH)
Jeff Edwards to third
Alain Marquet to second
Batting: RHB Rusty Trader 0-0: SINGLE (Groundball, 6MD, EV 101.2 MPH)
Jeff Edwards scores
Alain Marquet to third
Hector Barajas to second
Runner from 3rd tries for Home, SAFE, throw by CF to home
Batting: RHB Ricky Alvarado 0-0: Ball
1-0: Swinging Strike
1-1: SINGLE (Groundball, 56, EV 105.6 MPH) (infield hit)
Hector Barajas to third
Rusty Trader to second
Batting: RHB Hidesuke Yoshida 0-0: Grounds into double play, 4-6-3 (Groundball, 4, EV 92.5 MPH)
Hector Barajas scores
Rusty Trader to third
Batting: RHB Melvin Durland 0-0: Ground out 5-3 (Groundball, 56, EV 108.1 MPH)
Top of the 8th over - 4 runs, 5 hits, 0 errors, 1 left on base; Bristol 10 - Kingsport 5
BOTTOM OF THE 8TH
Kingsport Mets batting - Pitching for Bristol Pirates : RHP Ian Ferrara
Batting: SHB Nick Daigle 0-0: Foul Ball, location: 2F
0-1: Ball
1-1: Swinging Strike
1-2: Strikes out swinging, 2-3 out at first.
Batting: RHB Artyom Shavkunov 0-0: Foul Ball, location: 2F
0-1: Ball
1-1: Ball
2-1: Ground out 6-3 (Groundball, 6, EV 88.8 MPH)
Pitching: RHP Sakio Miyamoto
Pinch Hitting: LHB Dan Bremseth 0-0: Called Strike
0-1: Ball
1-1: Swinging Strike
1-2: Ball
2-2: Strikes out swinging
Bottom of the 8th over - 0 runs, 0 hits, 0 errors, 0 left on base; Bristol 10 - Kingsport 5
TOP OF THE 9TH
Bristol Pirates batting - Pitching for Kingsport Mets : LHP Joe Edwards
Now at 3B: Juan Medina
Batting: LHB Norm Silveira-Wray 0-0: Ball
1-0: Called Strike
1-1: Ground out 6-3 (Groundball, 6, EV 90.0 MPH)
Batting: LHB Chad Cutler 0-0: Called Strike
0-1: Ball
1-1: Ground out 4-3 (Groundball, 4M, EV 81.9 MPH)
Batting: RHB Jeff Edwards 0-0: Called Strike
0-1: Called Strike
0-2: Ground out 4-3 (Groundball, 4, EV 101.9 MPH)
Top of the 9th over - 0 runs, 0 hits, 0 errors, 0 left on base; Bristol 10 - Kingsport 5
BOTTOM OF THE 9TH
Kingsport Mets batting - Pitching for Bristol Pirates : RHP Sakio Miyamoto
Batting: LHB Jeremy Moorehead 0-0: Ball
1-0: Swinging Strike
1-1: Ball
2-1: Swinging Strike
2-2: Strikes out swinging
Batting: RHB Enrique Aguirre 0-0: Ball
1-0: Called Strike
1-1: Swinging Strike
1-2: Ball
2-2: Strikes out looking
Batting: RHB Jake Geib 0-0: Called Strike
0-1: Swinging Strike
0-2: Ball
1-2: Foul Ball, location: 2F
1-2: Ball
2-2: Foul Ball, location: 2F
2-2: Foul Ball, location: 2F
2-2: Strikes out swinging
Bottom of the 9th over - 0 runs, 0 hits, 0 errors, 0 left on base; Bristol 10 - Kingsport 5
Thursday, December 15th , 2022 - OOTP Baseball 23.9 Build 102